 Dungeon Crawl Stone Soup version 0.20-a0-1114-g33edf32 (webtiles) character file.

113 inmateoo the Grave Robber (level 4, -2/44 HPs)
             Began as an Ogre Necromancer on May 6, 2017.
             Killed by divine providence
             ... invoked by an orc priest
              (12 damage)
             ... on level 3 of the Dungeon.
             The game lasted 00:04:12 (2429 turns).

inmateoo the Grave Robber (Ogre Necromancer)        Turns: 2429, Time: 00:04:13

Health: -2/44      AC:  3    Str: 13    XL:     4   Next: 96%
Magic:  7/7        EV: 10    Int: 16    God:
Gold:   159        SH:  0    Dex:  9    Spells: 3/8 levels left

rFire    . . .     SeeInvis .   j - +3 whip (pain)
rCold    + . .     Gourm    .   (no shield)
rNeg     . . .     Faith    .   a - +0 robe
rPois    .         Spirit   .   (helmet restricted)
rElec    .         Reflect  .   (no cloak)
rCorr    .         Harm     .   (gloves unavailable)
MR       .....                  (boots unavailable)
Stlth    +.........             (no amulet)
Regen    0.2/turn               h - ring of protection from cold
MPRegen  0.1/turn               (no ring)

@: no status effects
A: unfitting armour, tough skin 1
a: no special abilities


You were on level 3 of the Dungeon.
You were not hungry.

You visited 1 branch of the dungeon, and saw 4 of its levels.

You collected 159 gold pieces.

Inventory:

Hand Weapons
 j - a +3 whip of pain (weapon)
Missiles
 d - 55 stones (quivered)
Armour
 a - a +0 robe (worn)
Jewellery
 h - a ring of protection from cold (left hand)
Wands
 e - a wand of random effects (20/48)
Potions
 f - a potion of lignification {unknown}
 g - 3 potions of heal wounds
 k - a potion of magic
 m - a potion of might
 n - a potion of flight
Books
 b - a book of Necromancy

   Spells                             Type                      Level
   a - Pain                           Necromancy                   1
   b - Animate Skeleton               Necromancy                   1
   c - Vampiric Draining              Necromancy                   3
   d - Regeneration                   Charms/Necromancy            3
   e - Animate Dead                   Necromancy                   4
   f - Control Undead                 Necromancy                   4
Comestibles
 c - 3 bread rations
 o - 2 meat rations


   Skills:
 + Level 2.5 Fighting
 * Level 1.9 Maces & Flails
 + Level 1.5 Throwing
 + Level 2.2 Dodging
 - Level 1.4 Stealth
 + Level 2.5 Spellcasting
 + Level 4.0 Necromancy


You had 3 spell levels left.
You knew the following spells:

 Your Spells              Type           Power        Failure   Level  Hunger
a - Pain                  Necr           ##..         3%          1    #......
b - Animate Skeleton      Necr           N/A          3%          1    #......
c - Vampiric Draining     Necr           ##........   12%         3    ###....


Dungeon Overview and Level Annotations

Branches:
Dungeon (4/15)
 Temple: D:4-7

Altars:

Annotations:
D:4 Dowan, Duvessa


Innate Abilities, Weirdness & Mutations

You are too large for most types of armour.
You have tough skin. (AC +1)


Message History

Beogh smites you!
You hear a shout!
There is a stone staircase leading down here.
The orc hits you.
The orc priest mumbles some strange prayers to Beogh against you.
Beogh smites you!
* * * LOW HITPOINT WARNING * * *
You climb downwards.
A frilled lizard, a ball python, Duvessa and Dowan come into view.
Found 13 arrows.
Found two stone staircases leading up.
There is a stone staircase leading up here.
The frilled lizard hisses angrily.
The ball python hisses angrily.
Found a short sword.
There is a stone staircase leading up here.
The ball python closely misses you. The orc barely misses you.
You climb upwards.
The orc priest begins to cast a cantrip, but forgets the words!
The orc priest calls down the wrath of Beogh upon you.
Beogh smites you!
You die...

#o. ... #.##.#
#.#.# ## #..#
.###)## #.##oo.# #
.. #...>.#.#. .#
#.###S###.##.# ...
#..o@l# #.##.# .#.
###.#####.##.# ...
#..........#####.#.
#######..†.........
####.##.†.###
#.##.#....
#.##...### ..###.##
### #.##


You could see 2 orc priests, an orc, a ball python and a frilled lizard.

Vanquished Creatures
  Jessica (D:2)
  3 adders (D:2)
  A worm (D:2)
  4 dart slugs
  4 leopard geckos
  An orc (D:3)
  5 bats
  A giant cockroach (D:1)
  7 goblins (D:1)
  5 hobgoblins
  5 kobolds
  A ball python (D:2)
  2 frilled lizards
  6 rats
46 creatures vanquished.

Notes
Turn   | Place    | Note
-------+----------+-------------------------------------------
     0 | D:1      | inmateoo the Ogre Necromancer began the quest for the Orb.
     0 | D:1      | Reached XP level 1. HP: 16/16 MP: 3/3
   113 | D:1      | Reached skill level 1 in Fighting
   433 | D:1      | Reached skill level 1 in Maces & Flails
   433 | D:1      | Reached XP level 2. HP: 24/27 MP: 1/5
   910 | D:1      | Reached skill level 1 in Throwing
   975 | D:1      | Reached XP level 3. HP: 29/35 MP: 3/6
  1539 | D:2      | Noticed Jessica
  1549 | D:2      | Killed Jessica
  1549 | D:2      | Reached XP level 4. HP: 9/42 MP: 4/7
  1847 | D:2      | Learned a level 1 spell: Animate Skeleton
  1851 | D:2      | Learned a level 3 spell: Vampiric Draining
  2396 | D:3      | Reached skill level 4 in Necromancy
  2426 | D:4      | Noticed Duvessa
  2426 | D:4      | Noticed Dowan
  2429 | D:3      | Killed from afar by an orc priest

Vault maps used:
D:1:      scummos_arrival_simple_crosswalls
D:2:      uniq_jessica
D:3:      minmay_wonky_spiral, chequers_ecumenical_altar_island
D:4:      uniq_ijyb, uniq_duvessa, uniq_pikel

Skill      XL: |  1  2  3  4 |
---------------+-------------+-----
Fighting       | 1 2 |  2.5
Maces & Flails | 1 |  1.9
Throwing       | 1 |  1.5
Dodging        | 2 |  2.2
Necromancy     | 4 |  4.0
Stealth        | |  1.4
Spellcasting   | |  2.5

Action                   |  1- 3 |  4- 6 || total
-------------------------+-------+-------++-------
Melee: Unarmed           |     8 |       ||     8
       Club              |     9 |       ||     9
       Whip              |    46 |    45 ||    91
Throw: Stone             |    11 |       ||    11
 Cast: Pain              |    37 |    13 ||    50
  Use: Scroll            |       |     9 ||     9
 Stab: Sleeping          |     2 |     1 ||     3
  Eat: Chunk             |     2 |     3 ||     5
Armor: Robe              |    29 |     8 ||    37
Dodge: Dodged            |    55 |    23 ||    78
